 Dungeon Sprint DCSS version 0.28.0-45-g0d030f2227 (webtiles) character file.

Game seed: 8563948304276483267

2477 Baz the Thaumaturge (level 9, -5/75 HPs)
             Began as a Djinni Ice Elementalist on Apr 5, 2022.
             Slain by a flying skull (9 damage)
             ... in the Dungeon (Sprint II: "The Violet Keep of Menkaure").
             The game lasted 00:05:23 (988 turns).

Baz the Thaumaturge (Djinni Ice Elementalist)        Turns: 988, Time: 00:05:24

Health: -5/75      AC:  2    Str:  7    XL:     9   Next: 80%
Gold:   497        EV: 17    Int: 22    God:
                   SH:  0    Dex: 13

rFire   + + .      SeeInvis .   d - +2 dagger (venom)
rCold   x . .      Faith    .   (no shield)
rNeg    . . .      Spirit   .   a - +0 robe
rPois   ∞          Reflect  .   (no helmet)
rElec   .          Harm     .   (no cloak)
rCorr   .          Rampage  .   (no gloves)
Will    .....      NoTele   +   (boots unavailable)
Stlth   ++........              (no amulet)
HPRegen 0.22/turn               (no ring)
MPRegen 0.00/turn               (no ring)

@: freezing walls, flying
A: sickness immunity, fire resistance 2, cold vulnerability 1, float, innate
caster, HP casting, extra vitality 1
a: no special abilities


You were in the Dungeon.
You visited 1 branch You collected 729 gold pieces.
You spent 232 gold pieces at shops.

Inventory:

Hand Weapons
 d - a +2 dagger of venom (weapon)
Armour
 a - a +0 robe (worn)


   Skills:
 + Level 10.8 Fighting
 + Level 11.9 Dodging
 - Level 1.5 Stealth
 * Level 12.2 Spellcasting


You had 12 spell levels left.
You knew the following spells:

 Your Spells              Type           Power      Damage    Failure   Level
a - Freeze                Ice            100%       1d11      1%          1
b - Frozen Ramparts       Ice            100%       1d12      1%          3
c - Ozocubu's Armour      Ice            61%        N/A       1%          3
d - Hailstorm             Conj/Ice       61%        3d13      1%          4
e - Magic Dart            Conj           100%       1d8       1%          1
f - Call Imp              Summ           61%        N/A       1%          2
g - Inner Flame           Hex/Fire       61%        N/A       1%          3
h - Stone Arrow           Conj/Erth      100%       3d13      1%          3
Your spell library was empty.

Dungeon Overview and Level Annotations

Branches:
Dungeon (1/1)

Altars:

Shops:
D !:(=[:(!=[[?*!!

Annotations:
D exclusions: oklob plant and orange crystal statue, Kirke


Innate Abilities, Weirdness & Mutations

You are immune to sickness and miasma.
You are immune to poison.
Your flesh is very heat resistant. (rF++)
You are vulnerable to cold. (rC-)
You float through the air rather than walking.
You learn spells naturally, not from books.
Your magical power is your life essence.
You have superior vitality. (+4 MHP)


Message History

Casting: Stone Arrow (safe; 1% risk of failure)
Confirm with . or Enter, or press ? or * to list all spells.
Aiming: Stone Arrow (safe; 1% risk of failure)
Press: ? - help, Shift-Dir - straight line, f/p - flying skull
Aim: a flying skull (heavily damaged, 58% to hit)
The stone arrow hits the flying skull!
The flying skull is almost destroyed.
* * * LOW HITPOINT WARNING * * *
The flying skull resists.
The wall freezes the flying skull.
The flying skull resists.
The wall freezes the flying skull.
The flying skull hits you.
* * * LOW HITPOINT WARNING * * *
The flying skull resists.
The wall freezes the flying skull.
The flying skull barely misses you.
Unknown command.
Unknown command.
You aren't carrying any potions.
Unknown command.
You aren't carrying any scrolls.
Unknown command.
The flying skull gives a hideous shriek!
You hit the flying skull.
You destroy the flying skull!
You hear a hideous shriek! x2
The flying skull resists.
The wall freezes the flying skull.
The flying skull resists.
The wall freezes the flying skull.
The flying skull hits you.
* * * LOW HITPOINT WARNING * * *
The flying skull resists.
The wall freezes the flying skull.
The flying skull hits you!
* * * LOW HITPOINT WARNING * * *
Unknown command.
The flying skull gives a hideous shriek!
You hit the flying skull but do no damage.
The flying skull is heavily damaged.
You hear a hideous shriek!
The flying skull resists.
The wall freezes the flying skull.
The flying skull barely misses you.
The flying skull resists.
The wall freezes the flying skull.
The flying skull hits you!
You die...

K@.≈## zz≈..
###@≈#+++#''+##
##≈≈≈......z..#
∩#≈≈≈≈.##+##z.#
.#≈≈≈≈##..z##c####
∩#≈≈≈≈#..#..#....#
.#≈≈####.#.####..##
c#≈##.###÷###.##zz#
.#≈#...##.##..##@.# .'≈+
#)'.<.@##.+..###
.#≈#...##.##..##....###.
##≈##.###'###.##......≈≈
##≈≈####...####≈≈..§§.§#
##≈≈≈#.##..#≈≈§§§≈≈..§#
#+#≈##.####≈≈≈≈≈≈≈§.≈#
#≈≈##+##≈≈§§≈≈≈≈≈≈≈#
##§§≈§§≈≈≈≈≈§≈§§§§≈#


You could see a yaktaur captain and 4 flying skulls.

Vanquished Creatures
  A skeletal warrior (D)
  A merfolk siren (D)
  A kobold demonologist (D)
  A flying skull (D)
  4 neqoxecs (D)
  Menkaure (D)
  4 necrophages (D)
  4 scorpions (D)
17 creatures vanquished.

Vanquished Creatures (others)
  A water moccasin (D)
1 creature vanquished.

Grand Total: 18 creatures vanquished

Notes
Turn   | Place    | Note
-------+----------+-------------------------------------------
     0 | D        | Baz the Djinni Ice Elementalist began the quest for the
                  | Orb.
     0 | D        | Reached XP level 1. HP: 15/15 MP: 0/0
     1 | D        | Noticed a scorpion
     1 | D        | Noticed a scorpion
     1 | D        | Noticed a scorpion
     1 | D        | Noticed a scorpion
     8 | D        | Killed a scorpion
     9 | D        | Reached skill level 5 in Spellcasting
     9 | D        | Reached XP level 2. HP: 3/25 MP: 0/0
     9 | D        | Reached XP level 3. HP: 4/30 MP: 0/0
     9 | D        | Learned a level 1 spell: Magic Dart
     9 | D        | Reached XP level 4. HP: 5/35 MP: 0/0
    12 | D        | Killed a scorpion
    13 | D        | Reached skill level 5 in Dodging
    13 | D        | Reached skill level 6 in Spellcasting
    13 | D        | Reached XP level 5. HP: 30/42 MP: 0/0
    13 | D        | Learned a level 2 spell: Call Imp
    14 | D        | Reached skill level 5 in Fighting
    20 | D        | Reached skill level 7 in Spellcasting
    20 | D        | Reached XP level 6. HP: 32/50 MP: 0/0
   135 | D        | Killed a water moccasin
   139 | D        | Noticed a flying skull
   140 | D        | Noticed a flying skull
   141 | D        | Noticed a flying skull
   141 | D        | Noticed a flying skull
   142 | D        | Noticed a flying skull
   143 | D        | Noticed Menkaure
   144 | D        | Noticed a flying skull
   144 | D        | Noticed a flying skull
   145 | D        | Noticed a flying skull
   145 | D        | Noticed a flying skull
   145 | D        | Noticed a flying skull
   145 | D        | Noticed a flying skull
   145 | D        | Noticed a flying skull
   152 | D        | Killed Menkaure
   153 | D        | Reached skill level 8 in Spellcasting
   416 | D        | Noticed an orange crystal statue
   421 | D        | Found Utucee Atse's Antique Armour Emporium.
   422 | D        | Found Qohoew's Jewellery Emporium.
   422 | D        | Found Pexawu's Distillery.
   423 | D        | Found Penuvits's Antique Weapon Shoppe.
   423 | D        | Found Heluufuv's Distillery.
   423 | D        | Found Irov's Antique Armour Shoppe.
   424 | D        | Found Budo's Book Shoppe.
   424 | D        | Found Xeavvu's General Store.
   424 | D        | Found Biagon's Armour Emporium.
   424 | D        | Found Myaluynk's Magic Scroll Shoppe.
   425 | D        | Found Jysm's Distillery.
   427 | D        | Found Cayst's Jewellery Emporium.
   427 | D        | Found Paetureph's Antique Weapon Shoppe.
   427 | D        | Noticed a redback
   427 | D        | Noticed a redback
   427 | D        | Noticed an oklob plant
   428 | D        | Found Xugets's Distillery.
   428 | D        | Found Joezakh's Book Shoppe.
   429 | D        | Noticed a wyvern
   429 | D        | Noticed a wyvern
   436 | D        | Bought a potion of curing for 42 gold pieces
   443 | D        | Bought a potion of heal wounds for 60 gold pieces
   454 | D        | Noticed a wyvern
   482 | D        | Noticed a necrophage
   482 | D        | Noticed a necrophage
   482 | D        | Noticed a necrophage
   482 | D        | Noticed a necrophage
   488 | D        | Killed a necrophage
   489 | D        | Reached XP level 7. HP: 48/58 MP: 0/0
   489 | D        | Learned a level 3 spell: Inner Flame
   495 | D        | Reached skill level 9 in Spellcasting
   644 | D        | Bought a runed dagger for 130 gold pieces
   657 | D        | Noticed a kobold demonologist
   658 | D        | Noticed Kirke
   658 | D        | Noticed a skeletal warrior
   697 | D        | Noticed a centaur warrior
   701 | D        | Noticed a chaos spawn
   706 | D        | Killed a kobold demonologist
   707 | D        | Reached skill level 10 in Spellcasting
   707 | D        | Reached XP level 8. HP: 62/66 MP: 0/0
   717 | D        | Reached skill level 10 in Dodging
   727 | D        | Reached XP level 9. HP: 53/73 MP: 0/0
   727 | D        | Learned a level 3 spell: Stone Arrow
   822 | D        | Noticed a merfolk siren
   829 | D        | Killed a merfolk siren
   830 | D        | Reached skill level 10 in Fighting
   830 | D        | Reached skill level 11 in Spellcasting
   862 | D        | Killed a skeletal warrior
   863 | D        | Reached skill level 12 in Spellcasting
   981 | D        | Noticed a yaktaur captain
   988 | D        | Slain by a flying skull

Illustrated notes

Levels and vault maps discovered:
D:        the_violet_keep_of_menkaure [sprint2_stairs_cluster_1,
          sprint2_shoproom, sprint2_temple, sprint2_basic_supplies,
          sprint2_obstacle_4, sprint2_obstacle_5, sprint2_obstacle_1,
          sprint2_obstacle_7, sprint2_obstacle_3, sprint2_timed_cluster_1,
          sprint2_smallroom_cluster_1, sprint2_smallroom_final_cluster_1,
          sprint2_transparent_cluster_1, sprint2_second_timed_cluster_1,
          sprint2_sniper_area_1, sprint2_heavy_combat_area_1,
          sprint2_mutation_trap_area_1, sprint2_forest_area_1,
          sprint2_light_combat_area_1, sprint2_behind_water_1,
          sprint2_near_end_vault_1]

Skill      XL: |  1  2  3  4  5  6  7  8  9 |
---------------+----------------------------+-----
Fighting       | 3 4 5 7 8 9 10 | 10.8
Dodging        | 4 5 6 8 9 10 11 | 11.9
Spellcasting   | 5 6 7 8 10 12 | 12.2
Stealth        | |  1.5

Action                   |  1- 3 |  4- 6 |  7- 9 || total
-------------------------+-------+-------+-------++-------
Melee: Unarmed           |       |     3 |       ||     3
       Dagger            |       |       |     2 ||     2
 Cast: Freeze            |     4 |    11 |    19 ||    34
       Frozen Ramparts   |       |     3 |     7 ||    10
       Ozocubu's Armour  |       |     1 |       ||     1
       Hailstorm         |       |       |     1 ||     1
       Stone Arrow       |       |       |     9 ||     9
       Inner Flame       |       |       |     1 ||     1
  Use: Potion            |     1 |     3 |     2 ||     6
       Scroll            |       |       |     1 ||     1
Armor: Robe              |       |     1 |     1 ||     2
Dodge: Dodged            |     1 |     7 |    15 ||    23
